 Dungeon Crawl Stone Soup version 0.21.1-1-g345015f (webtiles) character file.

51 theblackcape the Grave Robber (level 3, -1/25 (26) HPs)
             Began as a Ghoul Necromancer on July 2, 2018.
             Slain by a worm (8 damage)
             ... on level 2 of the Dungeon.
             The game lasted 00:06:27 (1912 turns).

theblackcape the Grave Robber (Ghoul Necromancer)   Turns: 1912, Time: 00:06:28

HP:   -1/25 (26)    AC:  5    Str: 11    XL:     3   Next: 83%
MP:   0/5           EV: 12    Int: 11    God:
Gold: 50            SH:  0    Dex:  9    Spells: 5/6 levels left

rFire    . . .     SeeInvis .   (no weapon)
rCold    + . .     Gourm    .   (no shield)
rNeg     + + +     Faith    .   a - +0 robe
rPois    ∞         Spirit   .   l - +0 helmet
rElec    .         Reflect  .   (no cloak)
rCorr    .         Harm     .   (no gloves)
MR       .....                  d - +1 pair of boots
Stlth    ++........             (no amulet)
HPRegen  0.00/turn              (no ring)
MPRegen  0.09/turn              (no ring)

@: rotting
A: rotting body, claws 1, carnivore, cold resistance 1, negative energy
resistance 3, inhibited regeneration, torment resistance, unbreathing
a: no special abilities


You were on level 2 of the Dungeon.
You were not hungry.

You visited 1 branch of the dungeon, and saw 2 of its levels.

You collected 50 gold pieces.

Inventory:

Missiles
 h - 21 stones (quivered)
Armour
 a - a +0 robe (worn)
 d - a +1 pair of boots (worn)
 l - a +0 helmet (worn)
Scrolls
 e - 3 scrolls of remove curse {unknown}
 f - a scroll of random uselessness {unknown}
 g - a scroll of teleportation {unknown}
 k - a scroll of identify {unknown}
Potions
 i - a potion of curing {unknown}
 j - a potion of degeneration {unknown}
Books
 b - a book of Necromancy

   Spells                             Type                      Level
   a - Pain                           Necromancy                   1
   b - Animate Skeleton               Necromancy                   1
   c - Vampiric Draining              Necromancy                   3
   d - Regeneration                   Charms/Necromancy            3
   e - Animate Dead                   Necromancy                   4
   f - Borgnjor's Vile Clutch         Necromancy/Earth             5
Comestibles
 c - 2 rations


   Skills:
 + Level 2.1 Dodging
 - Level 2.2 Stealth
 + Level 2.2 Spellcasting
 + Level 4.9 Necromancy


You had 5 spell levels left.
You knew the following spells:

 Your Spells              Type           Power        Failure   Level  Hunger
a - Pain                  Necr           ##..         3%          1    ##.....


Dungeon Overview and Level Annotations

Branches:
Dungeon (2/15)

Altars:


Innate Abilities, Weirdness & Mutations

Your body is rotting away.
You thrive on raw meat.
You are immune to poison.
You have sharp fingernails.
You are carnivorous and can eat meat at any time.
Your flesh is cold resistant. (rC+)
You are immune to negative energy. (rN+++)
You do not regenerate when monsters are visible.
You are immune to unholy pain and torment.
You can survive without breathing.


Message History

The worm writhes in agony!
A bat comes into view.
Casting: Pain
Confirm with . or Enter, or press ? or * to list all spells.
You don't have enough magic to cast that spell.
Unknown command.
The bat barely misses you.
You are too injured to fight recklessly!
You barely miss the bat. The bat closely misses you.
Casting: Pain
Confirm with . or Enter, or press ? or * to list all spells.
Aiming: Pain
Press: ? - help, Shift-Dir - straight line, f/p - worm
Aim: a worm (heavily wounded, chance to defeat MR: 76%)
The worm writhes in agony!
The bat closely misses you.
You barely miss the bat. The bat closely misses you.
You completely miss the bat. The bat hits you but does no damage. x2
You closely miss the bat. The bat hits you but does no damage.
The bat barely misses you. The worm bites you!
You die...

#. . #.# . ### #.######
.# #.. #.##..<# .. #.#
#.##.### #.#
#.#####.##.# #..
#.##^...w..#
#.#####.##.....@.#
##.<.....##....b..#
..................####
......................
...........##....#.....
####.########....#.....
#..# #....#.....
#####.# #....#.....
......## #....# ...


You could see a worm and a bat.

Vanquished Creatures
  An adder (D:2)
  A dart slug (D:1)
  4 leopard geckos (D:1)
  4 giant cockroaches (D:1)
  4 hobgoblins (D:1)
  5 jackals (D:1)
  3 kobolds
  3 bats (D:1)
  3 goblins
  4 rats
32 creatures vanquished.

Notes
Turn   | Place    | Note
-------+----------+-------------------------------------------
     0 | D:1      | theblackcape the Ghoul Necromancer began the quest for the Orb.
     0 | D:1      | Reached XP level 1. HP: 14/14 MP: 2/2
   283 | D:1      | Reached XP level 2. HP: 18/20 MP: 0/3
   951 | D:1      | Reached XP level 3. HP: 23/26 MP: 0/4
  1572 | D:2      | HP: 1/25 [adder (3)]
  1912 | D:2      | Slain by a worm

Skill      XL: |  1  2  3 |
---------------+----------+-----
Dodging        | 2 |  2.1
Spellcasting   | 2 |  2.2
Stealth        | |  2.2
Necromancy     | |  4.9

Action                   || total
-------------------------++-------
Melee: Unarmed           ||    77
 Cast: Pain              ||    69
  Eat: Chunk             ||     6
Armor: Robe              ||    28
Dodge: Dodged            ||    73
